 Dungeon Crawl Stone Soup version 0.30.1-4-g462c640d31 (webtiles) character file.

Game seed: 6331799408512516133

914 Wiggles the Cleaver (level 7, -1/61 HPs)
             Began as a Minotaur Berserker on Aug 11, 2023.
             Was an Elder of Trog.
             Slain by a gnoll
             ... wielding a +0 halberd
             ... led by a gnoll sergeant
              (11 damage)
             ... on level 5 of the Dungeon.
             The game lasted 00:09:08 (4152 turns).

Wiggles the Cleaver (Minotaur Berserker)            Turns: 4152, Time: 00:09:09

Health: -1/61      AC: 15    Str: 23    XL:     7   Next: 82%
Magic:  6/6        EV:  9    Int: 10    God:    Trog [****..]
Gold:   75         SH:  0    Dex: 10    Spells: 6/6 levels left

rFire   . . .        q - +0 war axe
rCold   . . .        (no shield)
rNeg    . . .        c - +0 chain mail
rPois   .            (helmet restricted)
rElec   .            (no cloak)
rCorr   .            l - +0 pair of gloves
SInv    .            (no boots)
Will    .....        (no amulet) Stlth
                     b - +4 ring of protection
HPRegen 0.30/turn    p - +6 ring of intelligence
MPRegen 0.10/turn

%: no passive effects
@: weakened, on berserk cooldown, flying, slowed, very slow
A: horns 2, retaliatory headbutt
a: Renounce Religion, Berserk, Trog's Hand, Brothers in Arms


You were on level 5 of the Dungeon.
You worshipped Trog.
Trog was greatly pleased with you.
You visited 1 branch of the dungeon, and saw 5 of its levels.
You also visited: Ossuary.

You collected 267 gold pieces.
You spent 192 gold pieces at shops.

Inventory:

Hand Weapons
 q - a +0 war axe (weapon)
Missiles
 s - 4 throwing nets (quivered)
Armour
 c - a +0 chain mail (worn)
 l - a +0 pair of gloves (worn)
Jewellery
 b - a +4 ring of protection (left hand)
 p - a +6 ring of intelligence (right hand)
Wands
 n - a wand of polymorph (10)
 D - a wand of iceblast (8)
Scrolls
 a - 2 scrolls of amnesia {unknown}
 d - 8 scrolls of identify
 h - 2 scrolls of silence {unknown}
 j - 2 scrolls of vulnerability {unknown}
 k - 2 scrolls of teleportation {unknown}
 r - 3 scrolls of fear {unknown}
 u - 2 scrolls of blinking {unknown}
 v - 2 scrolls of enchant weapon {unknown}
 y - a scroll of butterflies {unknown}
 A - a scroll of poison {unknown}
 C - a scroll of brand weapon
Potions
 e - 2 potions of might {unknown}
 f - 2 potions of invisibility {unknown}
 g - a potion of attraction {unknown}
 i - 3 potions of flight
 m - 2 potions of magic {unknown}
 o - 2 potions of berserk rage {unknown}
 w - 2 potions of curing {unknown}
 x - a potion of resistance {unknown}
 z - 3 potions of degeneration {unknown}
 B - a potion of heal wounds {unknown}
Miscellaneous
 t - a piece from Xom's chessboard (15/15)


   Skills:
 + Level 5.4 Fighting
 + Level 8.9 Axes
 + Level 5.4 Armour
 + Level 3.1 Dodging
 + Level 0.6 Stealth


You had 6 spell levels left.
You didn't know any spells.
Your spell library was empty.

Dungeon Overview and Level Annotations

Branches:
Dungeon (5/15)            Ossuary (visited)
 Temple: D:4-7

Altars:
Ashenzari
Nemelex Xobeh
Uskayaw
Wu Jian
Xom
The Shining One

Shops:
D:1 [   D:5 ?


Innate Abilities, Weirdness & Mutations

You have a pair of horns on your head.
You reflexively headbutt those who attack you in melee.


Message History

The gnoll barely misses your ogre.
Your ogre closely misses the gnoll.
The gnoll barely misses you.
The gnoll sergeant hits your ogre with a +0 spear!
The gnoll hits your ogre with a +0 halberd!
The gnoll hits you from afar with a +0 spear.
* * * LOW HITPOINT WARNING * * *
Your ogre hits the gnoll with a +0 giant club!!
The gnoll dies!
Trog accepts your kill.
The gnoll sergeant hits your ogre with a +0 spear!
Your ogre dies!
Your ogre's corpse disappears in a puff of smoke!
The gnoll barely misses you.
The gnoll is no longer moving quickly.
The gnoll closely misses you.
Your attacks no longer feel as feeble.
The gnoll bouda gazes fiercely through you!
You feel your attacks grow feeble.
A black bear comes into view.
It was a potion of flight.
You feel very buoyant.
You fly up into the air.
The gnoll hits you but does no damage.
The gnoll sergeant hits you but does no damage.
The gnoll hits you but does no damage.
The gnoll is no longer moving quickly.
The gnoll hits you but does no damage.
Your two-headed ogre goes berserk!
The gnoll sergeant hits you from afar with a +0 spear.
* * * LOW HITPOINT WARNING * * *
The gnoll closely misses you. The gnoll hits you but does no damage.
The gnoll sergeant hits you but does no damage.
The gnoll sergeant is no longer moving quickly.
Your two-headed ogre hits the gnoll sergeant with a +0 giant club!
Your two-headed ogre hits the gnoll sergeant with a +0 giant spiked club!!
The gnoll sergeant dies!
Trog accepts your kill.
The gnoll hits your two-headed ogre with a +0 spear!
The gnoll bouda gazes fiercely through you!
You feel as though you will be weak longer.
The gnoll closely misses your two-headed ogre.
The gnoll hits you from afar with a +0 halberd!
You die...

......).))†).....##....#
####....$..............#
.###...........#.......#
........................
##....hg................
#...#ggg...............
##...#.Og....##.........
#........##...#.##......
###.....#.@......#....#..#.
##.#..#.##.##....##.....<.#.
#...#####...###...#.........
#...........................
###)<###....##.....#...∩......
####...).......#.##...##.....)...
.....).....##.....#.....##.......
..|#####.........................
..## ##......#............#...#


You could see a black bear, a gnoll bouda, 4 gnolls and a friendly two-headed
ogre (summoned, berserk).

Vanquished Creatures
  An ice beast (D:5)
  A wolf (D:5)
  A phantom (D:4)
  A gnoll sergeant (D:5)
  A howler monkey (D:5)
  An orc priest (D:3)
  A gnoll bouda (D:5)
  A sleepcap (D:4)
  An iguana (D:4)
  2 orc wizards (D:3)
  13 mummies (Ossuary)
  Robin (D:2)
  6 gnolls (D:5)
  2 adders
  2 worms (D:4)
  2 dart slugs
  7 orcs
  10 ball pythons
  8 endoplasms
  2 giant cockroaches
  20 goblins
  9 hobgoblins
  4 quokkas
  8 bats
  3 frilled lizards
  A gnoll skeleton (Ossuary)
  4 goblin skeletons (Ossuary)
  10 kobolds
  A kobold skeleton (Ossuary)
  2 orc skeletons (Ossuary)
  An orc zombie (D:4)
  12 rats
  11 rat skeletons (Ossuary)
150 creatures vanquished.

Vanquished Creatures (collateral kills)
  A gnoll sergeant (D:5)
  2 gnolls (D:5)
3 creatures vanquished.

Grand Total: 153 creatures vanquished

Notes
Turn   | Place    | Note
-------+----------+-------------------------------------------
     0 | D:1      | Wiggles the Minotaur Berserker began the quest for the Orb.
     0 | D:1      | Reached XP level 1. HP: 19/19 MP: 0/0
   185 | D:1      | Found Qanuch's Armour Emporium.
   246 | D:1      | Reached XP level 2. HP: 27/27 MP: 1/1
   259 | D:1      | Reached skill level 4 in Axes
   490 | D:1      | Reached ** piety under Trog
   693 | D:1      | Reached XP level 3. HP: 31/33 MP: 2/2
  1040 | D:2      | Noticed Robin
  1078 | D:2      | Killed Robin
  1079 | D:2      | Reached XP level 4. HP: 38/40 MP: 3/3
  1714 | D:3      | Reached *** piety under Trog
  1854 | D:3      | Found an ornate altar of the Wu Jian Council.
  2000 | D:3      | Reached skill level 5 in Axes
  2113 | D:3      | Found a glowing golden altar of the Shining One.
  2147 | D:3      | Found a sparkling altar of Nemelex Xobeh.
  2181 | D:3      | Found a broken altar of Ashenzari.
  2472 | D:3      | Reached XP level 5. HP: 47/47 MP: 4/4
  2737 | D:4      | Found a shimmering altar of Xom.
  2841 | D:4      | Found a sand-covered staircase.
  2851 | Ossuary  | Entered an ossuary
  2883 | Ossuary  | Reached skill level 6 in Axes
  2952 | Ossuary  | Reached XP level 6. HP: 53/53 MP: 5/5
  2955 | Ossuary  | Reached **** piety under Trog
  3304 | Ossuary  | Reached skill level 7 in Axes
  3760 | D:4      | Reached skill level 5 in Fighting
  3760 | D:4      | Reached XP level 7. HP: 61/61 MP: 6/6
  3949 | D:5      | Entered Level 5 of the Dungeon
  4025 | D:5      | Found a hide-covered altar of Uskayaw.
  4040 | D:5      | Reached skill level 8 in Axes
  4092 | D:5      | Found Tyor's Magic Scroll Shop.
  4107 | D:5      | Reached skill level 5 in Armour
  4109 | D:5      | Bought a scroll of brand weapon for 104 gold pieces
  4109 | D:5      | Bought a scroll of identify for 22 gold pieces
  4109 | D:5      | Bought a scroll of identify for 22 gold pieces
  4109 | D:5      | Bought a scroll of identify for 22 gold pieces
  4109 | D:5      | Bought a scroll of identify for 22 gold pieces
  4152 | D:5      | Slain by a gnoll

Illustrated notes

Levels and vault maps discovered:
D:1:      amcnicky_arrival_single_pillar, layout_loops_corners, serial_shops,
          shop
D:2:      layout_basic, minmay_pentomino_w2, uniq_robin
D:3:      layout_loops_corners, amcnicky_altar_gilded,
          nzn_wu_jian_contemplation, mainiacjoe_overflow_two_lobes,
          lexackson_kobold_supper
D:4:      layout_loops_ring, xom_butterflies, enter_ossuary_3
D:5:      layout_cave_pools, nicolae_uskayaw_dance_hall, temple_green,
          serial_gnoll_camp, gnoll_camp_mini_basic, gnoll_camp_mini_shop,
          gnoll_camp_mini_basic, gnoll_camp_mini_basic, gnoll_camp_huts_basic,
          gnoll_camp_mini_basic, serial_shops, shop, minmay_shop_grid_forest,
          minmay_misc_feat_columns, kennysheep_generic_room_7

Skill      XL: |  1  2  3  4  5  6  7 |
---------------+----------------------+-----
Axes           | 4 5 6 7 8 |  8.9
Fighting       | 4 5 |  5.4
Armour         | 3 4 5 |  5.4
Dodging        | 3 |  3.1
Stealth        | |  0.6

Action                     |  1- 3 |  4- 6 |  7- 9 || total
---------------------------+-------+-------+-------++-------
  Melee: Hand axe          |    91 |     2 |       ||    93
         Headbutt          |    13 |    35 |     8 ||    56
         War axe           |       |   175 |    36 ||   211
         Punch             |       |     4 |       ||     4
 Invoke: Berserk           |       |     1 |     1 ||     2
         Brothers in Arms  |       |       |     2 ||     2
    Use: Potion            |       |       |     1 ||     1
 Armour: Chain mail        |    60 |    92 |    33 ||   185
         Animal skin       |     1 |       |       ||     1
  Dodge: Dodged            |    47 |    56 |    32 ||   135
